 Dungeon Crawl Stone Soup version 0.30-a0-4-ga7cffc901d (webtiles) character file.

Game seed: 7039634613192572735

19401 drpainis the Eclecticist (level 12, -23/45 HPs)
             Began as a Spriggan Summoner on Aug 21, 2022.
             Was a Priest of Hepliaklqana.
             Killed by the air
             ... invoked by Gastronok
              (32 damage)
             ... on level 3 of the Lair of Beasts.
             The game lasted 00:54:52 (33487 turns).

drpainis the Eclecticist (Spriggan Summoner)       Turns: 33487, Time: 00:54:53

Health: -23/45     AC:  9    Str:  4    XL:     12   Next: 36%
Magic:  21/33      EV: 26    Int: 29    God:    Hepliaklqana [***...]
Gold:   559        SH:  0    Dex: 17    Spells: 9/43 levels left

rFire   . . .      SeeInvis +    x - +3 dagger of the Disturbing Teeth {venom, *Rage rElec Int+9}
rCold   . . .      Faith    +    (no shield)
rNeg    . . .      Spirit   .    R - +2 robe {Will+}
rPois   .          Reflect  .    G - +2 hat
rElec   +          Harm     .    L - +2 cloak
rCorr   .          Rampage  .    (gloves unavailable)
Will    +++..      Rage     20%  (boots unavailable)
Stlth   +++.......               Z - amulet of faith
HPRegen 0.15/turn                J - +4 ring of evasion
MPRegen 0.23/turn                y - +4 ring of evasion

@: very quick
A: reduced essence, very small, no large weapons, unfitting armour, see
invisible, speed 3
a: Renounce Religion, Recall Ancestor, Ancestor Identity, Transference


You were on level 3 of the Lair of Beasts.
You worshipped Hepliaklqana.
Hepliaklqana was most pleased with you.
You visited 3 branches of the dungeon, and saw 13 of its levels.

You collected 559 gold pieces.

Inventory:

Hand Weapons
 v - the +9 dagger of the Shimmering Gods {freeze, rElec}
   (You took it off a hobgoblin on level 4 of the Dungeon)

   It freezes those it strikes, dealing additional cold damage.
   It can also slow down cold-blooded creatures.
   rElec:     It insulates you from electricity.
 x - the +3 dagger of the Disturbing Teeth (weapon) {venom, *Rage rElec Int+9}
   (You found it on level 4 of the Dungeon)

   It poisons the flesh of those it strikes.
   Int:       It affects your intelligence (+9).
   rElec:     It insulates you from electricity.
   *Rage:     It berserks you when you make melee attacks (+20% chance).
Missiles
 D - 29 curare-tipped darts
 H - 44 poisoned darts
 K - a throwing net
Armour
 a - a +2 robe
 j - a +1 pair of boots of stealth
 s - the +2 robe of Xeblaset {rElec rC+++ Str+3 Int-2}
   (You found it on level 4 of the Dungeon)

   Str:       It affects your strength (+3).
   Int:       It affects your intelligence (-2).
   rC:        It renders you almost immune to cold.
   rElec:     It insulates you from electricity.
 G - a +2 hat (worn)
 L - a +2 cloak (worn)
 M - the +1 chain mail of the Armadillo {rF+}
   (You found it on level 5 of the Dungeon)

   rF:        It protects you from fire.
 R - a +2 robe of willpower (worn)
 X - a +0 pair of gloves
Magical Staves
 r - a staff of earth
Jewellery
 d - a ring of protection from fire
 k - a ring of protection from cold
 l - a ring of magical power
 y - a +4 ring of evasion (right hand)
 z - a ring of poison resistance
 J - a +4 ring of evasion (left hand)
 N - an amulet of reflection
 O - a ring of poison resistance
 Z - an amulet of faith (around neck)
Wands
 t - a wand of flame (61)
 F - a wand of mindburst (38)
 Q - a wand of polymorph (4)
Scrolls
 e - a scroll of amnesia {unknown}
 g - a scroll of magic mapping {unknown}
 h - 2 scrolls of enchant armour
 i - 3 scrolls of fog
 n - 4 scrolls of teleportation
 q - a scroll of identify
 u - a scroll of blinking {unknown}
 E - 3 scrolls of immolation
 I - 4 scrolls of summoning
 P - a scroll of enchant weapon {unknown}
 T - 2 scrolls of noise
 U - 2 scrolls of poison
 V - a scroll of brand weapon {unknown}
 Y - a scroll of fear {unknown}
Potions
 b - a potion of magic
 c - 3 potions of cancellation
 f - 3 potions of curing
 o - a potion of invisibility {unknown}
 p - 2 potions of berserk rage {unknown}
 w - 4 potions of mutation {unknown}
 A - 2 potions of heal wounds {unknown}
 B - a potion of flight {unknown}
 C - a potion of attraction {unknown}
 S - 4 potions of haste
 W - a potion of resistance {unknown}
Miscellaneous
 m - a condenser vane


   Skills:
 + Level 0.2 Fighting
 + Level 3.4 Short Blades
 + Level 3.4 Dodging
 + Level 5.5 Stealth
 + Level 16.2 Spellcasting
 + Level 6.7 Hexes
 + Level 11.6 Summonings
 + Level 1.0 Translocations
 + Level 2.5 Air Magic


You had 9 spell levels left.
You knew the following spells:

 Your Spells              Type           Power      Damage    Failure   Level
a - Summon Small Mammal   Summ           100%       N/A       0%          1
b - Call Imp              Summ           74%        N/A       1%          2
c - Call Canine Familiar  Summ           74%        N/A       1%          3
d - Summon Guardian Gole  Hex/Summ       67%        N/A       1%          3
e - Summon Lightning Spi  Summ/Air       59%        N/A       1%          4
f - Blink                 Tloc           58%        N/A       1%          2
g - Passage of Golubria   Tloc           29%        N/A       13%         4
h - Cause Fear            Hex            29%        N/A       1%          4
i - Summon Mana Viper     Hex/Summ       67%        N/A       1%          5
j - Summon Cactus Giant   Summ           37%        N/A       2%          6

Your spell library contained the following spells:

 Spells                   Type           Power      Damage    Failure   Level
 Freeze                   Ice            92%        1d10      1%          1
 Inner Flame              Hex/Fire       43%        N/A       1%          3
 Portal Projectile        Hex/Tloc       92%        N/A       1%          3
 Tukima's Dance           Hex            58%        N/A       1%          3
 Leda's Liquefaction      Hex/Erth       21%        N/A       4%          4
 Summon Forest            Summ/Tloc      28%        N/A       4%          5
 Frozen Ramparts          Ice            46%        1d7       6%          3
 Corpse Rot               Necr/Pois/Air  28%        N/A       14%         4
 Yara's Violent Unravell  Hex/Tmut       21%        3d10      14%         5
 Dispel Undead            Necr           23%        3d12      21%         4
 Hailstorm                Conj/Ice       23%        3d7       21%         4
 Manifold Assault         Tloc           29%        N/A       34%         5
 Blade Hands              Tmut           11%        N/A       50%         5
 Death Channel            Necr           11%        N/A       97%         6
 Storm Form               Tmut/Air       15%        N/A       100%        7
 Discord                  Hex            29%        N/A       100%        8


Dungeon Overview and Level Annotations

Branches:
Dungeon (9/15)             Temple (1/1) D:5            Lair (3/5) D:9
  Snake (0/4) Lair:3
  Swamp: Lair:2-3    Shoals: Lair:2-3       Orc: D:9-12

Altars:
Dithmenos
Gozag
Hepliaklqana
Kikubaaqudgha
Okawaru
Qazlal
Ru
Sif Muna
Trog
Uskayaw
Wu Jian
Xom

Annotations:
Lair:3 Gastronok


Innate Abilities, Weirdness & Mutations

Your life essence is reduced to manifest your ancestor. (-10% HP)
You are very small and have problems with some larger weapons.
You are too small for most types of armour.
You have supernaturally acute eyesight. (SInv)
You cover ground extremely quickly. (Speed+++)


Message History

Unknown command.
The swamp worm fires a harpoon shot at you.
The harpoon shot hits your guardian golem.
Flame seeps out of your guardian golem.
The swamp worm fires a harpoon shot at you.
The harpoon shot hits your guardian golem!
Flame seeps out of your guardian golem.
The swamp worm fires a harpoon shot at you.
The harpoon shot hits your guardian golem!!
Your guardian golem disappears in a puff of smoke!
Your guardian golem explodes!
The fiery explosion engulfs the swamp worm!!
The tree burns like a torch!
You feel a bit more experienced.
The swamp worm is engulfed in blazing flames.
The swamp worm dies!
Your warg bites something.
Unknown command.
Your mana viper disappears in a puff of smoke!
Your cactus giant is engulfed in blazing flames.
Unknown command.
You start resting.
Your cactus giant disappears in a puff of smoke!
HP restored.
You start resting.
Gastronok the Ponderous comes into view.
He is wearing a +1 hat of willpower.
Casting: Summon Cactus Giant (quite dangerous; 2% risk of failure)
Confirm with . or Enter, or press ? or * to list all spells.
A guardian golem appears, shielding your allies.
Your warg bites Gastronok! x2
Gastronok waves his eye-stalks in wide circles.
The air twists around and strikes you!!!
Ouch! That really hurt!
* * * LOW HITPOINT WARNING * * *
Your warg bites Gastronok but does no damage.
Your warg bites Gastronok!
Gastronok waves his eye-stalks in wide circles.
The air twists around and strikes you!!
Ouch! That really hurt!
You die...

# ♣§ .~♣ # # ♣~♣.~♣ # #
♣~..≈♣ # # ♣~.♣~♣ #
####.#.# ♣~.†~♣ # ........
♣~†§≈♣ #.####.# ♣~..~♣ ##
##.# #♣♣♣~..♣♣ # ###..##
##..♣≈@.♣♣......
###.##..###...♣≈♣.~♣......
.##.#..##.#.#.♣~.R~♣.....
..............♣~..~♣....
..#.#..#.##...♣♣9.♣♣..#
#.#########.#..♣..♣..# #..
#.##.♣.h♣.# #.##
...#..⌠⌠w.# #..
##..##.....#


You could see the friendly Van Darkholme the hexer (sheltered), Gastronok (ally
target) and a friendly warg (summoned, sheltered).

Vanquished Creatures
  A blink frog (Lair:3)
  A naga (Lair:3)
  2 water moccasins
  A wolf (Lair:2)
  A necrophage (D:4)
  3 killer bees
  A howler monkey (D:8)
  A hound (D:7)
  Natasha (twice) (D:2)
  An adder (D:4)
  A dart slug (D:1)
  An orc (D:4)
  2 ball pythons
  7 bats (D:1)
  4 endoplasms
  2 giant cockroaches
  A goblin (D:2)
  A hobgoblin (D:1)
  3 kobolds
  A quokka (D:1)
  A frilled lizard (D:1)
  A rat (D:1)
39 creatures vanquished.

Vanquished Creatures (collateral kills)
  3 hydras
  A bog body (Lair:3)
  2 cane toads
  3 rime drakes
  2 komodo dragons (Lair:2)
  A kobold demonologist (D:6)
  The ghost of SensoryNuts the Chopper, an amateur HOFi (D:4)
  A hornet (D:8)
  4 blink frogs
  Sigmund (D:5)
  5 wyverns
  6 yaks
  2 nameless horrors
  4 swamp worms (Lair:3)
  Menkaure (D:6)
  3 nagas (Lair:3)
  2 water moccasins
  A swamp drake (D:9)
  A sky beast (D:7)
  3 ice beasts
  An ogre (D:6)
  3 centaurs
  13 wolves (Lair:2)
  12 kobold brigands
  8 bullfrogs
  The ghost of Snarg the Sneak, an amateur SpCj (D:6)
  2 necrophages
  3 scorpions
  6 killer bees
  9 howler monkeys
  3 hounds
  Crazy Yiuf (D:2)
  3 orc priests
  A bullfrog skeleton (D:4)
  4 iguanas
  Terence (D:3)
  2 orc wizards
  Natasha (D:2)
  A mummy (D:4)
  Robin (D:2)
  9 adders
  A howler monkey skeleton (D:4)
  2 white imps
  3 dart slugs
  13 orcs
  7 ball pythons
  8 endoplasms
  3 giant cockroaches
  11 goblins
  13 hobgoblins
  4 jackals (D:3)
  24 kobolds
  A quokka (D:3)
  4 bats (D:1)
  2 frilled lizards (D:2)
  7 rats
235 creatures vanquished.

Vanquished Creatures (others)
  5 hydras
  2 komodo dragons (D:9)
  A rime drake (Lair:2)
  A blink frog (Lair:3)
  3 yaks (D:8)
  A basilisk (D:9)
  A swamp worm (Lair:3)
  A sky beast (D:7)
  A black bear (D:6)
  An ogre (D:5)
  A wolf (Lair:2)
  2 kobold brigands (D:6)
  2 killer bees (D:8)
  An electric eel (Lair:3)
  A hound (D:5)
  3 hexers
  An ancestor (D:7)
  12 kobolds (D:6)
  21 fungi
  70 plants
131 creatures vanquished.

Grand Total: 405 creatures vanquished

Notes
Turn   | Place    | Note
-------+----------+-------------------------------------------
     0 | D:1      | drpainis the Spriggan Summoner began the quest for the Orb.
     0 | D:1      | Reached XP level 1. HP: 9/9 MP: 5/5
   348 | D:1      | Reached XP level 2. HP: 13/13 MP: 3/6
   382 | D:1      | Learned a level 2 spell: Call Imp
  1412 | D:1      | Reached skill level 3 in Spellcasting
  1484 | D:1      | Reached XP level 3. HP: 11/16 MP: 4/8
  1488 | D:1      | Learned a level 3 spell: Call Canine Familiar
  2697 | D:2      | Reached skill level 1 in Short Blades
  3431 | D:2      | Noticed Robin
  3459 | D:2      | Reached XP level 4. HP: 16/21 MP: 3/10
  3472 | D:2      | Killed Robin
  5156 | D:2      | Noticed Natasha
  5186 | D:2      | Killed Natasha
  5395 | D:2      | Found an iron altar of Okawaru.
  5475 | D:2      | Reached skill level 4 in Spellcasting
  5773 | D:3      | Reached XP level 5. HP: 24/24 MP: 4/12
  5777 | D:3      | Learned a level 3 spell: Summon Guardian Golem
  5832 | D:3      | Found a faded altar of an unknown god.
  6415 | D:3      | Noticed Terence
  6437 | D:3      | Killed Terence
  7042 | D:3      | Found a shimmering blue altar of Sif Muna.
  7415 | D:4      | Found a transporter.
  7475 | D:4      | Noticed SensoryNuts's ghost (amateur HOFi)
  7509 | D:4      | Identified the +2 robe of Xeblaset {rElec rC+++ Str+3
                  | Int-2}
  7593 | D:4      | Identified the +9 dagger of the Shimmering Gods {freeze,
                  | rElec}
  7746 | D:4      | Found a transporter.
  8162 | D:4      | Reached skill level 5 in Spellcasting
  8162 | D:4      | Reached XP level 6. HP: 22/28 MP: 10/14
  8312 | D:4      | Identified the +3 dagger of the Disturbing Teeth {venom,
                  | *Rage rElec Int+9}
  8340 | D:4      | Learned a level 4 spell: Summon Lightning Spire
  9160 | D:4      | Noticed a nameless horror
  9323 | D:4      | Killed a nameless horror
  9720 | D:4      | Reached skill level 5 in Summonings
 10335 | D:5      | Entered Level 5 of the Dungeon
 10384 | D:5      | Noticed Sigmund
 10386 | D:5      | Killed Sigmund
 10387 | D:5      | Reached skill level 6 in Spellcasting
 10387 | D:5      | Reached XP level 7. HP: 32/32 MP: 2/17
 11077 | D:5      | Reached skill level 1 in Air Magic
 11545 | D:5      | Identified the +1 chain mail of the Armadillo {rF+}
 11902 | D:5      | Found a staircase to the Ecumenical Temple.
 11905 | D:5      | Noticed a nameless horror
 11917 | D:5      | Killed a nameless horror
 11936 | Temple   | Entered the Ecumenical Temple
 12115 | Temple   | Became a worshipper of Hepliaklqana the Forgotten
 12445 | D:5      | Learned a level 2 spell: Blink
 12462 | D:6      | Reached skill level 1 in Hexes
 12565 | D:6      | Reached skill level 7 in Spellcasting
 12565 | D:6      | Reached XP level 8. HP: 36/36 MP: 19/19
 12883 | D:6      | Found a runed translucent gate.
 12883 | D:6      | Found a runed translucent gate.
 12883 | D:6      | Found a runed translucent gate.
 13704 | D:6      | Identified the +1 pair of boots of Zin's Delight {rF+ rC+
                  | rCorr}
 13805 | D:6      | Reached skill level 8 in Spellcasting
 14092 | D:6      | Noticed Menkaure
 14098 | D:6      | Killed Menkaure
 14447 | D:6      | Reached * piety under Hepliaklqana
 14520 | D:6      | Reached skill level 9 in Spellcasting
 14764 | D:6      | Noticed a kobold demonologist
 14773 | D:6      | Noticed Snarg's ghost (amateur SpCj)
 15730 | D:7      | Reached XP level 9. HP: 35/35 MP: 19/23
 16060 | D:7      | Found a bloodstained altar of Trog.
 17312 | D:7      | Reached ** piety under Hepliaklqana
 17418 | D:7      | Remembered your ancestor Van Darkholme as a hexer
 18849 | D:7      | Reached skill level 10 in Spellcasting
 19980 | D:2      | Noticed Natasha
 19988 | D:2      | Killed Natasha
 20017 | D:2      | Noticed Natasha
 20022 | D:2      | Killed Natasha
 20023 | D:2      | Reached skill level 11 in Spellcasting
 20072 | D:2      | Found a runed translucent door.
 20073 | D:2      | Noticed Crazy Yiuf
 20087 | D:2      | Killed Crazy Yiuf
 20305 | D:4      | Killed SensoryNuts's ghost
 20660 | D:6      | Killed a kobold demonologist
 20661 | D:6      | Reached XP level 10. HP: 39/39 MP: 13/26
 20688 | D:6      | Killed Snarg's ghost
 21084 | D:6      | Learned a level 4 spell: Passage of Golubria
 21651 | D:8      | Reached skill level 1 in Translocations
 21835 | D:8      | Reached skill level 12 in Spellcasting
 22916 | D:8      | Paralysed by a hornet for 1 turns
 23732 | D:9      | Reached skill level 5 in Hexes
 24199 | D:9      | Reached skill level 13 in Spellcasting
 24446 | D:9      | Learned a level 4 spell: Cause Fear
 24447 | D:9      | Found a staircase to the Lair.
 24863 | Lair:1   | Entered Level 1 of the Lair of Beasts
 25093 | Lair:1   | Noticed a cane toad
 25107 | Lair:1   | Killed a cane toad
 25286 | Lair:1   | Noticed an eight-headed hydra
 25309 | Lair:1   | Killed an eight-headed hydra
 25310 | Lair:1   | Reached XP level 11. HP: 42/42 MP: 16/29
 25625 | Lair:1   | Noticed an eight-headed hydra
 25703 | Lair:1   | Killed an eight-headed hydra
 25704 | Lair:1   | Reached skill level 5 in Stealth
 26045 | Lair:1   | Noticed a four-headed hydra
 26058 | Lair:1   | Killed a four-headed hydra
 26059 | Lair:1   | Reached skill level 10 in Summonings
 26480 | Lair:1   | Noticed an eight-headed hydra
 26493 | Lair:1   | Killed an eight-headed hydra
 26494 | Lair:1   | Noticed a four-headed hydra
 26505 | Lair:1   | Killed a four-headed hydra
 26506 | Lair:1   | Reached skill level 14 in Spellcasting
 27565 | Lair:2   | Noticed a seven-headed hydra
 27574 | Lair:2   | Killed a seven-headed hydra
 27581 | Lair:2   | Noticed a five-headed hydra
 28262 | Lair:2   | Noticed a five-headed hydra
 28270 | Lair:2   | Killed a five-headed hydra
 28363 | Lair:2   | Reached skill level 15 in Spellcasting
 28583 | Lair:2   | Learned a level 5 spell: Summon Mana Viper
 28590 | Lair:2   | Learned a level 6 spell: Summon Cactus Giant
 29511 | Lair:2   | Reached XP level 12. HP: 45/45 MP: 21/32
 29518 | Lair:2   | Killed a five-headed hydra
 30174 | Lair:2   | Reached *** piety under Hepliaklqana
 32120 | Lair:3   | Found a staircase to the Snake Pit.
 32965 | Lair:3   | Reached skill level 16 in Spellcasting
 33482 | Lair:3   | Noticed Gastronok
 33487 | Lair:3   | Killed from afar by Gastronok

Illustrated notes

Levels and vault maps discovered:
D:1:      eino_arrival_water_star, layout_loops_cross
D:2:      layout_loops_ring, basic_altar, st_stairs_11, minmay_heptomino_d4,
          uniq_crazy_yiuf_cottage, uniq_natasha, uniq_robin
D:3:      layout_rooms, mainiacjoe_overflow_cross_hatched,
          hellmonk_ecumenical_altar_dog_temple, minmay_checkerbox, uniq_terence
D:4:      layout_loops_cross, gammafunk_ghost_mausoleum
D:5:      layout_loops_ring, minmay_temple_entry_proselytizer, uniq_sigmund
D:6:      kennysheep_kobold_camp, layout_rooms, gammafunk_ghost_nasty_kobolds,
          nicolae_ossuary_entry_monument, nicolae_eternal_life,
          minmay_misc_feat_columns, kennysheep_generic_room_4, uniq_menkaure
D:7:      layout_basic, minmay_ruined_shrine
D:8:      layout_rooms, minivault_23
D:9:      layout_roguey, erik_lair_dragon, uniq_erica, uniq_maurice
Temple:   roderic_octagonal_lattice_temple
Lair:1:   layout_loops_ring
Lair:2:   beast_lair_carwin_large_4, layout_regular_city
Lair:3:   layout_small_grid, nicolae_swamp_entry_splash_gauntlet,
          minmay_snake_entry_guardpost_medium, minmay_holes, uniq_gastronok

Skill      XL: |  1  2  3  4  5  6  7  8  9 10 11 12 |
---------------+-------------------------------------+-----
Spellcasting   | 3 4 5 6 7 9 11 13 15 16 | 16.2
Dodging        | 3 |  3.4
Short Blades   | 1 2 3 |  3.4
Summonings     | 4 5 6 7 8 9 11 | 11.6
Stealth        | 4 5 |  5.5
Air Magic      | 1 2 |  2.5
Hexes          | 1 2 3 5 6 |  6.7
Translocations | 1 |  1.0
Fighting       | |  0.2

Action                   |  1- 3 |  4- 6 |  7- 9 | 10-12 || total
-------------------------+-------+-------+-------+-------++-------
Melee: Dagger            |    82 |    47 |    54 |    37 ||   220
       Punch             |     2 |       |       |       ||     2
 Cast: Summon Small Mamm |    48 |    34 |    36 |    44 ||   162
       Call Canine Famil |     6 |    39 |    42 |    40 ||   127
       Call Imp          |     3 |    26 |    19 |    27 ||    75
       Summon Guardian G |       |     6 |    41 |    41 ||    88
       Summon Lightning  |       |     5 |     8 |    16 ||    29
       Passage of Golubr |       |       |       |     2 ||     2
       Summon Mana Viper |       |       |       |    12 ||    12
       Summon Cactus Gia |       |       |       |    14 ||    14
Invok: Recall Ancestor   |       |       |    10 |    14 ||    24
       Ancestor Identity |       |       |     2 |       ||     2
       Ancestor Life: He |       |       |     1 |       ||     1
  Use: Scroll            |       |       |     8 |     9 ||    17
       Potion            |       |       |     1 |     2 ||     3
 Stab: Sleeping          |     4 |     5 |       |     2 ||    11
       Distracted        |     1 |     1 |       |     1 ||     3
Armor: Robe              |    21 |     4 |    12 |     6 ||    43
Dodge: Dodged            |   142 |    55 |    67 |    59 ||   323

Table legend: (Time is in decaauts)
 A = Elapsed time spent in this place.
 B = Non-inter-level travel time spent in this place.
 C = Inter-level travel time spent in this place.
 D = Time resting spent in this place.
 E = Time spent auto-exploring this place.
 F = Levels seen in this place.
 G = Mean time per level.
                   A        B        C        D        E       F      G
               +--------+--------+--------+--------+--------+-----+--------+
         Total |  30095 |  29852 |    243 |  22297 |   2909 |  13 | 2315.0 |
       Dungeon |  22154 |  21933 |    221 |  16388 |   2166 |   9 | 2461.6 |
        Temple |    151 |    151 |      0 |      0 |    125 |   1 |  151.0 |
          Lair |   7789 |   7767 |     22 |   5908 |    618 |   3 | 2596.3 |
               +--------+--------+--------+--------+--------+-----+--------+

Top non-repeatable levels by time:
     D:7: 4529 daAuts
     D:2: 3365 daAuts
     D:4: 3054 daAuts
     D:6: 3018 daAuts
  Lair:1: 2891 daAuts
  Lair:2: 2860 daAuts
     D:1: 2049 daAuts
  Lair:3: 2037 daAuts
     D:5: 1725 daAuts
     D:9: 1723 daAuts
     D:8: 1363 daAuts
     D:3: 1323 daAuts
  Temple: 151 daAuts
